 Dungeon Crawl Stone Soup version 0.28-a0-653-g7e9dba17c3 (webtiles) character file.

Game seed: 9159488858460301076

15 flotson the Sneak (level 2, -2/24 HPs)
             Began as a Demonspawn Delver on Oct 11, 2021.
             Slain by a phantom (5 damage)
             ... on level 1 of the Dungeon.
             The game lasted 00:02:54 (1042 turns).

flotson the Sneak (Demonspawn Delver)               Turns: 1042, Time: 00:02:54

Health: -2/24      AC:  3    Str:  9 (12) XL:     2   Next: 34%
Magic:  2/2        EV: 11    Int: 10 (11) God:
Gold:   14         SH:  0    Dex: 13 (14) Spells: 1/1 levels left

rFire   . . .      SeeInvis .   b - +0 hunting sling
rCold   . . .      Faith    .   (no shield)
rNeg    . . .      Spirit   .   f - +0 leather armour
rPois   .          Reflect  .   (no helmet)
rElec   .          Harm     .   (no cloak)
rCorr   .          Rampage  .   (no gloves)
Will    .....                   (no boots)
Stlth   ++........              (no amulet)
HPRegen 0.08/turn               (no ring)
MPRegen 0.08/turn               (no ring)

@: no status effects
A: powered by pain 1
a: no special abilities


You were on level 1 of the Dungeon.
You visited 1 branch of the dungeon, and saw 5 of its levels.

You collected 14 gold pieces.

Inventory:

Hand Weapons
 a - a +0 hand axe
 b - a +0 hunting sling (weapon)
Missiles
 i - 46 stones (quivered ammo)
Armour
 f - a +0 leather armour (worn)
 k - a +0 ring mail
Wands
 g - a wand of digging (3)
Scrolls
 c - a scroll of fog
 d - 2 scrolls of silence {unknown}
 h - 3 scrolls of noise {unknown}
 j - a scroll of identify {unknown}


   Skills:
 + Level 3.2 Fighting
 + Level 2.0 Axes
 + Level 0.7 Armour
 + Level 2.0 Dodging
 - Level 4.5 Stealth


You had one spell level left.
You didn't know any spells.
Your spell library was empty.

Dungeon Overview and Level Annotations

Branches:
Dungeon (5/15)
 Temple: D:4-7

Altars:
Gozag


Innate Abilities, Weirdness & Mutations

You sometimes gain a little power by taking damage.


Message History

The phantom hits you.
* * * LOW HITPOINT WARNING * * *
The phantom blinks!
You blink.
Found 21 arrows.
Found a ruby potion.
You see here 21 arrows.
A kobold comes into view. It is wielding a +0 club.
Found an emerald potion.
The kobold throws a stone.
The stone closely misses you.
Found an orange potion.
You see here an orange potion.
A goblin comes into view. It is wielding a +0 club.
The goblin shouts!
Found 10 gold pieces.
The kobold throws a stone.
The stone hits you.
A frilled lizard comes into view.
Found a stone staircase leading down.
There is a stone staircase leading up here.
The phantom closely misses you.
You climb upwards.
There is a stone staircase leading down here.
Found a scroll labelled QOIDYD VEFO.
The phantom barely misses you.
Found a ring mail.
You see here a +0 ring mail.
k - a +0 ring mail The phantom hits you.
* * * LOW HITPOINT WARNING * * *
The phantom blinks!
You blink.
Found 16 stones.
You see here 16 stones.
The phantom hits you but does no damage.
It was a potion of degeneration.
There was something very wrong with that liquid.
You feel weakened.
You feel dopey.
You feel clumsy. The phantom hits you!
* * * LOW HITPOINT WARNING * * *
The phantom hits you but does no damage.
Drop what? 11/52 slots (_ for help) (? for menu, Esc to quit)
You drop a potion of degeneration.
The phantom hits you.
You die...

......#...#
.#....+....
.#....##..##
.#....# #..#
.#.#### #..######
.#.# #......# .#.#
#..###.#
#..#######..###.###
...............?@.#
####..#####..##.#W#
#..# #.>##...# #..#
##.###### #..# #.#
#..# #.# ..## #.#
### ###


You could see a phantom.

Vanquished Creatures
  An adder skeleton (D:4)
  A worm (D:3)
  A giant cockroach (D:3)
  2 goblins
  2 jackals (D:4)
  A bat (D:3)
  2 rats (D:3)
10 creatures vanquished.

Notes
Turn   | Place    | Note
-------+----------+-------------------------------------------
     0 | D:5      | flotson the Demonspawn Delver began the quest for the Orb.
     0 | D:5      | Reached XP level 1. HP: 18/18 MP: 1/1
    21 | D:5      | Noticed a phantom
    21 | D:5      | Noticed an orc priest
    34 | D:5      | Noticed a killer bee
    34 | D:5      | Noticed a killer bee
    34 | D:5      | Noticed a killer bee
    35 | D:5      | Noticed a killer bee
    36 | D:5      | Noticed a killer bee
   463 | D:4      | Found an opulent altar of Gozag.
   555 | D:3      | Gained mutation: You sometimes gain a little power by
                  | taking damage. [demonic ancestry]
   555 | D:3      | Reached XP level 2. HP: 24/24 MP: 2/2
   623 | D:3      | Noticed a scorpion
   855 | D:2      | Noticed a phantom
  1015 | D:1      | HP: 1/24 [phantom (7)]
  1042 | D:1      | Slain by a phantom

Illustrated notes

Levels and vault maps discovered:
D:1:      saegor_arrival_simple_b, layout_basic, ebering_ecumenical_altar_rust,
          minmay_split_cup_small
D:2:      layout_rooms
D:3:      cheibrodos_helix_gallery, layout_basic, led_sif_pool
D:4:      layout_basic, pdpol_temple_overflow_zin_treasury_gozag_greed,
          mainiacjoe_overflow_brackets, minmay_temple_entry_fiery, uniq_robin
D:5:      layout_rooms, worldfamousw_hep_ancestral_shrine,
          nicolae_uskayaw_murder_on_the_dancefloor, doesnt_shop_hydraphobe

Skill      XL: |  1 |
---------------+----+-----
Axes           | 2 |  2.0
Dodging        | 2 |  2.0
Fighting       | |  3.2
Armour         | |  0.7
Stealth        | |  4.5

Action                   || total
-------------------------++-------
Melee: Hand axe          ||    22
 Fire: Hunting sling     ||    30
  Use: Potion            ||     2
       Scroll            ||     2
Armor: Leather armour    ||    11
Dodge: Dodged            ||    21

Table legend: (Time is in decaauts)
 A = Elapsed time spent in this place.
 B = Non-inter-level travel time spent in this place.
 C = Inter-level travel time spent in this place.
 D = Time resting spent in this place.
 E = Time spent auto-exploring this place.
 F = Levels seen in this place.
 G = Mean time per level.
                   A        B        C        D        E       F      G
               +--------+--------+--------+--------+--------+-----+--------+
         Total |   1032 |   1032 |      0 |    167 |    533 |   5 |  206.4 |
       Dungeon |   1032 |   1032 |      0 |    167 |    533 |   5 |  206.4 |
               +--------+--------+--------+--------+--------+-----+--------+

Top non-repeatable levels by time:
     D:4: 482 daAuts
     D:2: 313 daAuts
     D:3: 124 daAuts
     D:1: 76 daAuts
     D:5: 36 daAuts
